 Dungeon Crawl Stone Soup version 0.27-a0-1051-g288ea87c7c (webtiles) character file.

Game seed: 1426294484282355371

15 rageheart7 the Skirmisher (level 2, 0/24 HPs)
             Began as a Demonspawn Monk on Apr 21, 2021.
             Slain by a kobold
             ... wielding a +0 whip
              (4 damage)
             ... on level 1 of the Dungeon.
             The game lasted 00:00:36 (954 turns).

rageheart7 the Skirmisher (Demonspawn Monk)          Turns: 954, Time: 00:00:37

Health: 0/24       AC:  2    Str: 11    XL:     2   Next: 34%
Magic:  2/2        EV: 12    Int: 11    God:
Gold:   3          SH:  0    Dex: 15    Spells: 1/1 levels left

rFire    . . .     SeeInvis .   a - +0 hand axe
rCold    . . .     Faith    .   (no shield)
rNeg     . . .     Spirit   .   b - +0 robe
rPois    .         Reflect  .   (no helmet)
rElec    .         Harm     .   (no cloak)
rCorr    .         Rampage  .   (no gloves)
Will     .....                  (no boots)
Stlth    ++........             (no amulet)
HPRegen  0.08/turn              (no ring)
MPRegen  0.16/turn              (no ring)

@: no status effects
A: magic regeneration
a: no special abilities


You were on level 1 of the Dungeon.
You visited 1 branch of the dungeon, and saw 1 of its levels.

You collected 3 gold pieces.

Inventory:

Hand Weapons
 a - a +0 hand axe (weapon)
Armour
 b - a +0 robe (worn)
Jewellery
 e - a +4 ring of evasion
Scrolls
 c - a scroll of enchant armour {unknown}
 f - a scroll of enchant weapon {unknown}
 g - a scroll of identify {unknown}
Potions
 d - a potion of curing {unknown}
 h - a potion of heal wounds {unknown}


   Skills:
 * Level 3.4 Fighting
 * Level 3.1 Axes
 - Level 2.6 Dodging
 - Level 1.7 Stealth


You had one spell level left.
You didn't know any spells.
Your spell library was empty.

Dungeon Overview and Level Annotations

Branches:
Dungeon (1/15)

Altars:


Innate Abilities, Weirdness & Mutations

You regenerate magic rapidly.


Message History

A jackal comes into view.
A kobold comes into view. It is wielding a +0 whip.
The kobold shouts!
There are monsters nearby!
The bat hits you but does no damage.
There are monsters nearby!
You closely miss the bat. The bat barely misses you.
There are monsters nearby!
You hit the bat.
You kill the bat!
You hit the jackal but do no damage. The jackal bites you. x2
A jackal is nearby!
You closely miss the jackal. The jackal bites you.
You closely miss the jackal. The jackal closely misses you.
The jackal barely misses you.
You closely miss the jackal. The jackal bites you. x2
You closely miss the kobold. You hit the jackal.
You hear a bark!
The kobold hits you with a +0 whip. The jackal barely misses you.
The kobold barely misses you.
You are too injured to fight recklessly!
You are too injured to fight recklessly!
You are too injured to fight recklessly!
You completely miss the jackal.
The jackal is almost dead.
You hit the kobold.
The jackal bites you but does no damage. x2
The kobold barely misses you.
You miss the jackal.
The jackal is almost dead.
You barely miss the kobold.
The jackal bites you but does no damage.
The kobold hits you with a +0 whip.
* * * LOW HITPOINT WARNING * * *
You hit the jackal.
You kill the jackal!
You hit the kobold but do no damage.
A jackal comes into view.
The kobold hits you with a +0 whip.
You die...

######## .......##
##### #..##...# #...#
..####..# #...# .##
##..#####...#######. .#
##...................
.###............@...##
.....#.+#####..K###.#
.....#.........h.....K.
.###.....##########.###
.# ##....# .# .# .##
##...# #.#..#
..####...# #.#..#
#.)##...## #######.#..#
........# #..........#


You could see a jackal and a kobold.

Vanquished Creatures
  A dart slug (D:1)
  A ball python (D:1)
  An endoplasm (D:1)
  2 goblins (D:1)
  2 hobgoblins (D:1)
  A jackal (D:1)
  A quokka (D:1)
  A bat (D:1)
  A frilled lizard (D:1)
  2 rats (D:1)
13 creatures vanquished.

Vanquished Creatures (others)
  5 plants (D:1)
  9 withered plants (D:1)
14 creatures vanquished.

Grand Total: 27 creatures vanquished

Notes
Turn   | Place    | Note
-------+----------+-------------------------------------------
     0 | D:1      | rageheart7 the Demonspawn Monk began the quest for the Orb.
     0 | D:1      | Reached XP level 1. HP: 18/18 MP: 1/1
    78 | D:1      | Found a faded altar of an unknown god.
   532 | D:1      | Gained mutation: You regenerate magic rapidly. [demonic
                  | ancestry]
   532 | D:1      | Reached XP level 2. HP: 20/24 MP: 2/2
   954 | D:1      | Slain by a kobold

Illustrated notes

Levels and vault maps discovered:
D:1:      dpeg_arrival_lava_temple_mockup, layout_basic,
          shapermc_ecumenical_altar_flowoftime, minivault_19,
          palyth_stone_intersect

Skill      XL: |  1 |
---------------+----+-----
Axes           | 3 |  3.1
Fighting       | |  3.4
Dodging        | |  2.6
Stealth        | |  1.7

Action                   || total
-------------------------++-------
Melee: Hand axe          ||    61
 Stab: Sleeping          ||     2
Armor: Robe              ||     8
Dodge: Dodged            ||    20

Table legend: (Time is in decaauts)
 A = Elapsed time spent in this place.
 B = Non-inter-level travel time spent in this place.
 C = Inter-level travel time spent in this place.
 D = Time resting spent in this place.
 E = Time spent auto-exploring this place.
 F = Levels seen in this place.
 G = Mean time per level.
                   A        B        C        D        E       F      G
               +--------+--------+--------+--------+--------+-----+--------+
         Total |    964 |    964 |      0 |      0 |    835 |   1 |  964.0 |
       Dungeon |    964 |    964 |      0 |      0 |    835 |   1 |  964.0 |
               +--------+--------+--------+--------+--------+-----+--------+

Top non-repeatable levels by time:
     D:1: 964 daAuts
